 Dungeon Crawl Stone Soup version 0.31-a0-196-g86fe4a5e66 (webtiles) character file.

Game seed: 13226003660613470947

196 innerfire43 the Chopper (level 5, -2/42 HPs)
             Began as a Demonspawn Monk on June 24, 2023.
             Was a Priest of Lugonu.
             Splashed by a jelly's acid (6 damage)
             ... on level 4 of the Dungeon.
             The game lasted 00:02:47 (2703 turns).

innerfire43 the Chopper (Demonspawn Monk)           Turns: 2703, Time: 00:02:48

Health: -2/42      AC: -5    Str: 13    XL:     5   Next: 46%
Magic:  5/5        EV: 13    Int: 12    God:    Lugonu [***...]
Gold:   85         SH:  0    Dex: 15    Spells: 4/4 levels left

rFire   . . .        n - +2 hand axe (heavy)
rCold   . . .        d - orb {light}
rNeg    . . .        b - +0 robe
rPois   .            (helmet restricted)
rElec   .            f - scarf {repulsion}
rCorr   .            (no gloves)
SInv    .            i - +0 pair of boots
Will    .....        (no amulet)
Stlth   +            (no ring)
HPRegen 0.27/turn    (no ring)
MPRegen 0.09/turn

%: repel missiles
@: corroded, glowing
A: horns 1, ignite blood 1, demonic magic 1
a: Renounce Religion, Depart the Abyss, Banish


You were on level 4 of the Dungeon.
You worshipped Lugonu.
Lugonu was most pleased with you.
You visited 1 branch of the dungeon, and saw 4 of its levels.

You collected 85 gold pieces.

Inventory:

Hand Weapons
 a - a +1 hand axe
 n - a +2 heavy hand axe (weapon)
Armour
 b - a +0 robe (worn)
 d - an orb of light (worn)
 f - a scarf of repulsion (worn)
 i - a +0 pair of boots (worn)
Jewellery
 j - a ring of protection from cold
 m - a ring of willpower
Scrolls
 e - 4 scrolls of teleportation
 g - a scroll of amnesia
 h - a scroll of fear {unknown}
 k - a scroll of torment {unknown}
 q - a scroll of noise {unknown}
 r - a scroll of identify
Potions
 c - a potion of ambrosia
 l - a potion of brilliance
 o - a potion of heal wounds
 p - a potion of resistance {unknown}


   Skills:
 + Level 4.0 Fighting
 * Level 4.4 Axes
 + Level 3.6 Dodging


You had 4 spell levels left.
You didn't know any spells.
Your spell library was empty.

Dungeon Overview and Level Annotations

Branches:
Dungeon (4/15)
 Temple: D:4-7

Altars:
Makhleb
Lugonu


Innate Abilities, Weirdness & Mutations

You have a pair of small horns on your head.
Your demonic aura sometimes causes spilled blood to erupt in flames.
Spells you cast may paralyse adjacent enemies.


Message History

The ball python misses you.
The ball python bites you but does no damage.
The ball python grabs you. The ball python constricts you.
A ball python is nearby!
You hit the ball python but do no damage.
The ball python bites you but does no damage.
The ball python constricts you.
The ball python bites you but does no damage.
The ball python constricts you.
A ball python is nearby!
You hit the ball python.
You kill the ball python!
Lugonu accepts your kill.
No target in view!
A jelly comes into view.
The jelly quivers.
The jelly moves out of view.
A jelly is nearby!
The jelly closely misses you.
You slash the jelly!
Your hands burn!
You headbutt the jelly.
The jelly is heavily wounded.
The jelly hits you.
You are splashed with acid.
You hit the jelly. The acid corrodes you!
Your hands burn!
The jelly is almost dead.
The jelly barely misses you. The jelly hits you. The acid corrodes you!
You are splashed with acid!
You are too injured to fight recklessly!
You are too injured to fight recklessly!
You hit the jelly but do no damage.
Your hands burn!
The jelly is almost dead.
The jelly hits you.
You are splashed with acid!
* * * LOW HITPOINT WARNING * * *
The jelly barely misses you.
You hit the jelly but do no damage.
Your hands burn!
* * * LOW HITPOINT WARNING * * *
The jelly is almost dead.
The jelly hits you.
* * * LOW HITPOINT WARNING * * *
You are splashed with acid.
You die...

########...........
#......#...........
#######......#...).......
..)))).......#....)......
#######......#...........
###.######...........
#####..[# ##..........###
....#.#####..###.#....#
###...# #...###.@#.##.#
#...###.####.J#..# .#
#...#...#.###..# .## #
#.###.............#
#..............##..
......######...# ##
.#.#### ...... ...
....... #. ...


You could see a jelly.

Vanquished Creatures
  A gnoll bouda (D:4)
  Natasha (D:3)
  4 gnolls (D:4)
  3 adders
  4 dart slugs
  8 orcs
  2 endoplasms (D:1)
  3 giant cockroaches
  4 hobgoblins
  7 jackals
  3 kobolds
  4 quokkas
  4 ball pythons
  2 bats
  4 frilled lizards
  5 goblins
  3 rats
62 creatures vanquished.

Notes
Turn   | Place    | Note
-------+----------+-------------------------------------------
     0 | D:1      | innerfire43 the Demonspawn Monk began the quest for the
                  | Orb.
     0 | D:1      | Reached XP level 1. HP: 18/18 MP: 1/1
   336 | D:1      | Gained mutation: Your demonic aura sometimes causes spilled
                  | blood to erupt in flames. [demonic ancestry]
   336 | D:1      | Reached XP level 2. HP: 24/24 MP: 2/2
   606 | D:1      | Found a faded altar of an unknown god.
   645 | D:1      | Prayed at the altar of an unknown god.
   645 | D:1      | Became a worshipper of Lugonu the Unformed
   645 | D:1      | Reached * piety under Lugonu
   645 | D:1      | Reached ** piety under Lugonu
   911 | D:2      | Reached XP level 3. HP: 29/29 MP: 3/3
   925 | D:2      | Found a burning altar of Makhleb.
  1110 | D:2      | Reached *** piety under Lugonu
  1722 | D:3      | Gained mutation: You have a pair of small horns on your
                  | head. [demonic ancestry]
  1722 | D:3      | Reached XP level 4. HP: 34/35 MP: 4/4
  2092 | D:3      | Noticed Natasha
  2098 | D:3      | Killed Natasha
  2580 | D:4      | Gained mutation: Spells you cast may paralyse adjacent
                  | enemies. [demonic ancestry]
  2580 | D:4      | Reached XP level 5. HP: 10/42 MP: 5/5
  2703 | D:4      | Splashed by a jelly's acid

Illustrated notes

Levels and vault maps discovered:
D:1:      lemuel_arrival_hallway, layout_loops_cross,
          hellmonk_ecumenical_altar_crossroads
D:2:      layout_loops_ring, basic_altar, wad_orctagon
D:3:      layout_basic, uniq_natasha
D:4:      layout_rooms

Skill      XL: |  1  2  3  4  5 |
---------------+----------------+-----
Axes           | 3 4 |  4.4
Dodging        | 3 |  3.6
Fighting       | 4 |  4.0

Action                     |  1- 3 |  4- 6 || total
---------------------------+-------+-------++-------
  Melee: Hand axe          |    99 |    51 ||   150
         Headbutt          |       |     7 ||     7
    Use: Scroll            |     3 |       ||     3
         Potion            |       |     1 ||     1
 Armour: Robe              |    10 |     9 ||    19
  Dodge: Dodged            |    86 |    47 ||   133

Table legend: (Time is in decaauts)
 A = Elapsed time spent in this place.
 B = Non-inter-level travel time spent in this place.
 C = Inter-level travel time spent in this place.
 D = Time resting spent in this place.
 E = Time spent auto-exploring this place.
 F = Levels seen in this place.
 G = Mean time per level.
                   A        B        C        D        E       F      G
               +--------+--------+--------+--------+--------+-----+--------+
         Total |   2750 |   2705 |     45 |      0 |   2281 |   4 |  687.5 |
       Dungeon |   2750 |   2705 |     45 |      0 |   2281 |   4 |  687.5 |
               +--------+--------+--------+--------+--------+-----+--------+

Top non-repeatable levels by time:
     D:1: 895 daAuts
     D:3: 864 daAuts
     D:2: 823 daAuts
     D:4: 166 daAuts
